 Dungeon Crawl Stone Soup version 0.26-a0-852-g6321bf7485 (webtiles) character file.

Game seed: 14090972082006072046

588 mhtbhm the Shield-Bearer (level 7, -4/43 HPs)
             Began as a Gargoyle Fighter on Nov 21, 2020.
             Was an Initiate of Elyvilon.
             Slain by Duvessa
             ... wielding a +2 rapier of protection
              (9 damage)
             ... on level 5 of the Dungeon.
             The game lasted 00:06:33 (4413 turns).

mhtbhm the Shield-Bearer (Gargoyle Fighter)         Turns: 4413, Time: 00:06:33

Health: -4/43      AC: 13    Str: 21    XL:     7   Next: 38%
Magic:  7/7        EV:  6    Int:  9    God:    Elyvilon [......]
Gold:   108        SH: 14    Dex:  9    Spells: 6/6 levels left

rFire    . . .     SeeInvis .   a - +0 flail
rCold    . . .     Faith    .   c - +0 tower shield
rNeg     + . .     Spirit   .   b - +0 scale mail
rPois    ∞         Reflect  .   (no helmet)
rElec    +         Harm     .   (no cloak)
rCorr    +         Rampage  .   i - +0 pair of gloves
MR       .....                  (no boots)
Stlth    ..........             m - amulet of magic regeneration
HPRegen  0.14/turn              n - ring of resist corrosion
MPRegen  0.35/turn              (no ring)

@: mighty
A: negative energy resistance 1, electricity resistance, unbreathing,
petrification resistance, rot immunity, AC +4
a: Renounce Religion


You were on level 5 of the Dungeon.
You worshipped Elyvilon.
Elyvilon was noncommittal.
You visited 1 branch of the dungeon, and saw 5 of its levels.
You also visited: Sewer.

You collected 223 gold pieces.
You spent 115 gold pieces at shops.

Inventory:

Hand Weapons
 a - a +0 flail (weapon)
Armour
 b - a +0 scale mail (worn)
 c - a +0 tower shield (worn)
 i - a +0 pair of gloves (worn)
Jewellery
 m - an amulet of magic regeneration (around neck)
 n - a ring of resist corrosion (left hand)
Wands
 j - a wand of flame (14)
Scrolls
 h - a scroll of fog
 l - 4 scrolls of teleportation
 q - a scroll of magic mapping
 r - 2 scrolls of blinking
 s - a scroll of remove curse
 u - a scroll of enchant armour {unknown}
 v - a scroll of fear {unknown}
 w - a scroll of identify
Potions
 d - a potion of might
 e - a potion of flight {unknown}
 f - a potion of lignification
 g - a potion of curing
 k - a potion of heal wounds
 o - 3 potions of attraction
 p - a potion of haste
 t - a potion of degeneration {unknown}


   Skills:
 + Level 4.3 Fighting
 + Level 4.9 Maces & Flails
 + Level 4.9 Armour
 + Level 1.6 Dodging
 + Level 0.3 Stealth
 + Level 5.1 Shields
 + Level 0.3 Evocations


You had 6 spell levels left.
You didn't know any spells.
Your spell library was empty.

Dungeon Overview and Level Annotations

Branches:
Dungeon (5/15)              Sewer (visited)
 Temple: D:4-7

Altars:
Elyvilon
Kikubaaqudgha
Nemelex Xobeh
Zin

Shops:
D:4 ?

Annotations:
D:5 Duvessa


Innate Abilities, Weirdness & Mutations

You are resistant to torment.
Your stone body is resilient. (AC +4)
You are immune to poison.
You resist negative energy. (rN+)
You are resistant to electric shocks. (rElec)
You can survive without breathing.
You are immune to petrification.
You are immune to rotting.


Message History

No target in view!
No target in view!
No target in view!
No target in view!
No target in view!
No target in view!
No target in view!
No target in view!
No target in view!
No target in view!
You barely miss something. You block something's attack. Something hits you.
You sock something! Something hits you but does no damage.
You block something's attack.
You closely miss something. Something hits you!
Something hits you but does no damage.
You sock something! Something hits you.
You sock something! Something hits you but does no damage. Something hits you!
* * * LOW HITPOINT WARNING * * *
You miss something. Something hits you but does no damage. Something hits you!
You die...

#.##.## ##....†..##
#.#...####.........#
.........+(........+
#.#...####.........#
#.##.## ##(......##
#.#### ##.....## #.#
##...#######. #.#
##+#{)...... #.#
#@######. #.. #)#
#)# #....# #...$.#
##..... ##.#.# .....
##.###


There were no monsters in sight!

Vanquished Creatures
  Purgy (Sewer)
  Dowan (D:5)
  A howler monkey (D:5)
  A bullfrog zombie (D:3)
  A hound (D:5)
  2 orc wizards
  A bullfrog skeleton (D:4)
  A worker ant (D:5)
  5 adders
  4 gnolls (D:3)
  2 river rats (D:3)
  2 ufetubi (D:5)
  2 oozes (D:1)
  An adder skeleton (D:4)
  2 worms
  4 leopard geckos
  8 orcs
  6 bats
  4 giant cockroaches
  11 goblins
  6 hobgoblins
  4 jackals (D:1)
  3 quokkas
  5 ball pythons
  13 frilled lizards
  8 kobolds
  A quokka skeleton (D:4)
  9 rats
109 creatures vanquished.

Vanquished Creatures (others)
  5 plants (D:2)
5 creatures vanquished.

Grand Total: 114 creatures vanquished

Notes
Turn   | Place    | Note
-------+----------+-------------------------------------------
     0 | D:1      | mhtbhm the Gargoyle Fighter began the quest for the Orb.
     0 | D:1      | Reached XP level 1. HP: 14/14 MP: 1/1
    30 | D:1      | Reached XP level 2. HP: 18/19 MP: 2/2
   379 | D:1      | Reached XP level 3. HP: 20/24 MP: 3/3
  1416 | D:2      | Reached XP level 4. HP: 26/29 MP: 4/4
  1546 | D:2      | Reached skill level 4 in Shields
  1789 | D:2      | Found a glowing silver altar of Zin.
  1980 | D:3      | Reached skill level 1 in Dodging
  1980 | D:3      | Reached XP level 5. HP: 32/33 MP: 5/5
  2239 | D:3      | HP: 1/33 [gnoll/+0 spear (4)]
  2242 | D:3      | Reached XP level 6. HP: 7/38 MP: 6/6
  2365 | D:3      | Found a glowing drain.
  2387 | Sewer    | Entered a sewer
  2510 | Sewer    | Noticed Purgy
  2538 | Sewer    | Killed Purgy
  3517 | D:4      | Found Lianlih's Magic Scroll Boutique.
  3528 | D:4      | Bought a scroll of teleportation for 33 gold pieces
  3528 | D:4      | Bought a scroll of blinking for 82 gold pieces
  3658 | D:4      | Found an ancient bone altar of Kikubaaqudgha.
  3658 | D:4      | Found a sparkling altar of Nemelex Xobeh.
  3659 | D:4      | Found a white marble altar of Elyvilon.
  3683 | D:4      | Became a worshipper of Elyvilon the Healer
  4160 | D:5      | Entered Level 5 of the Dungeon
  4240 | D:5      | Reached XP level 7. HP: 43/43 MP: 7/7
  4267 | D:5      | Reached skill level 5 in Shields
  4290 | D:5      | Noticed Duvessa
  4399 | D:5      | Noticed Dowan
  4407 | D:5      | Killed Dowan
  4413 | D:5      | Slain by Duvessa

Illustrated notes

Levels and vault maps discovered:
D:1:      dpeg_arrival_long_road, layout_loops_ring
D:2:      layout_rooms, zin_scriptorium, serial_bayou, serial_bayou_pond_b,
          serial_bayou_pond_b, serial_bayou_pond_d, serial_bayou_pond_c,
          serial_bayou_pond_c
D:3:      layout_loops_ring, portal_sewer_entry_a
D:4:      layout_cave_pods, grunt_temple_overflow_open, serial_shops,
          nicolae_shop_statue_plus
D:5:      layout_loops_corners, uniq_duvessa, uniq_edmund

Skill      XL: |  1  2  3  4  5  6  7 |
---------------+----------------------+-----
Shields        | 4 5 |  5.1
Maces & Flails | 3 4 |  4.9
Armour         | 4 |  4.9
Dodging        | 1 |  1.6
Fighting       | 4 |  4.3
Stealth        | |  0.3
Evocations     | |  0.3

Action                   |  1- 3 |  4- 6 |  7- 9 || total
-------------------------+-------+-------+-------++-------
Melee: Flail             |   163 |   275 |    64 ||   502
Evoke: Wand              |       |     8 |       ||     8
  Use: Scroll            |       |     8 |       ||     8
       Potion            |       |     1 |     1 ||     2
Armor: Scale mail        |   102 |   173 |    39 ||   314
Dodge: Dodged            |    70 |   113 |    18 ||   201
Block: Kite shield       |   117 |   146 |       ||   263
       Tower shield      |       |    11 |    76 ||    87

Table legend: (Time is in decaauts)
 A = Elapsed time spent in this place.
 B = Non-inter-level travel time spent in this place.
 C = Inter-level travel time spent in this place.
 D = Time resting spent in this place.
 E = Time spent auto-exploring this place.
 F = Levels seen in this place.
 G = Mean time per level.
                   A        B        C        D        E       F      G
               +--------+--------+--------+--------+--------+-----+--------+
         Total |   4638 |   4618 |     20 |    799 |   2505 |   6 |  773.0 |
       Dungeon |   4047 |   4027 |     20 |    451 |   2397 |   5 |  809.4 |
         Sewer |    590 |    590 |      0 |    348 |    107 |   1 |  590.0 |
               +--------+--------+--------+--------+--------+-----+--------+

Top non-repeatable levels by time:
     D:1: 1280 daAuts
     D:3: 924 daAuts
     D:2: 789 daAuts
     D:4: 779 daAuts
   Sewer: 590 daAuts
     D:5: 274 daAuts
